 Dungeon Crawl Stone Soup version 0.27-a0-1228-gfd60fd639a (webtiles) character file.

Game seed: 778267355288611231

7 dickylongcocking the Magician (level 2, 0/22 HPs)
             Began as a Djinni Arcane Marksman on June 7, 2021.
             Slain by a bat (1 damage)
             ... on level 1 of the Dungeon.
             The game lasted 00:00:47 (345 turns).

dickylongcocking the Magician (DjAM)                 Turns: 345, Time: 00:00:48

Health: 0/22       AC:  2    Str:  9    XL:     2   Next: 10%
Gold:   22         EV: 12    Int: 14    God:
                   SH:  0    Dex: 13

rFire    + + .     SeeInvis .   c - +0 hand axe (elec)
rCold    x . .     Faith    .   (no shield)
rNeg     . . .     Spirit   .   a - +0 robe
rPois    ∞         Reflect  .   (no helmet)
rElec    .         Harm     .   (no cloak)
rCorr    .         Rampage  .   (no gloves)
Will     .....                  (boots unavailable)
Stlth    +.........             (no amulet)
HPRegen  0.07/turn              (no ring)
MPRegen  0.00/turn              (no ring)

@: flying
A: sickness immunity, fire resistance 2, cold vulnerability 1, float, innate
caster, hp casting, extra vitality 1
a: no special abilities


You were on level 1 of the Dungeon.
You visited 1 branch of the dungeon, and saw 1 of its levels.

You collected 22 gold pieces.

Inventory:

Hand Weapons
 c - a +0 hand axe of electrocution (weapon)
Armour
 a - a +0 robe (worn)
Scrolls
 b - a scroll of teleportation {unknown}


   Skills:
 - Level 1.0 Fighting
 - Level 1.5 Throwing
 - Level 2.1 Dodging
 * Level 2.8 Spellcasting


You couldn't memorise any spells.
You knew the following spells:

 Your Spells              Type           Power      Damage    Failure   Level
a - Corona                Hex            10%        N/A       7%          1
b - Slow                  Hex            9%         N/A       11%         2
c - Inner Flame           Hex/Fire       9%         N/A       21%         3
d - Portal Projectile     Hex/Tloc       18%        N/A       21%         3
e - Cause Fear            Hex            4%         N/A       56%         4
f - Leda's Liquefaction   Hex/Erth       4%         N/A       56%         4
Your spell library was empty.

Dungeon Overview and Level Annotations

Branches:
Dungeon (1/15)

Altars:


Innate Abilities, Weirdness & Mutations

You are immune to sickness and miasma.
You are immune to poison.
Your flesh is very heat resistant. (rF++)
You are vulnerable to cold. (rC-)
You float through the air rather than walking.
You learn spells naturally, not from books.
Your magical power is your life essence.
You have superior vitality. (+4 HP)


Message History

c - a +0 hand axe of electrocution (weapon)
The bat hits you but does no damage.
You hit the giant cockroach.
The giant cockroach is heavily wounded.
The bat hits you but does no damage. The giant cockroach closely misses you.
You barely miss the giant cockroach.
The giant cockroach is heavily wounded.
You closely miss the bat. The bat closely misses you. The bat hits you.
The giant cockroach barely misses you. The giant cockroach closely misses you.
The hobgoblin completely misses you.
You barely miss the giant cockroach.
The giant cockroach is heavily wounded.
You closely miss the hobgoblin. The bat closely misses you.
The giant cockroach bites you. The hobgoblin hits you.
The giant cockroach barely misses you.
Unknown command.
You closely miss the hobgoblin. You closely miss the giant cockroach.
The bat hits you. The bat completely misses you. The hobgoblin misses you.
The giant cockroach barely misses you.
A hobgoblin comes into view. It is wielding a +0 long sword.
Unknown command.
The hobgoblin shouts!
You hit the hobgoblin.
The hobgoblin is heavily wounded.
You miss the bat. You hit the giant cockroach.
Lightning courses through the giant cockroach!
You kill the giant cockroach!
The bat closely misses you. The hobgoblin closely misses you.
The hobgoblin hits you.
* * * LOW HITPOINT WARNING * * *
Unknown command.
The bat hits you but does no damage. The bat closely misses you.
The hobgoblin barely misses you.
You see here a javelin.
The bat misses you. The hobgoblin hits you.
* * * LOW HITPOINT WARNING * * *
The bat hits you.
* * * LOW HITPOINT WARNING * * *
The bat hits you.
You die...

##.#######
#†(.....#
#.##.##.##
#######..#.#
..
.........(#
..
#######†.###.
###.(.)#.
#.....#.#
#....##@##.#
#...g.b....#
#....g..####
#......##
#......#
#......#
#......#
#.......
######...


You could see 2 hobgoblins and a bat.

Vanquished Creatures
  2 bats (D:1)
  2 endoplasms (D:1)
  A giant cockroach (D:1)
  A ball python (D:1)
  A frilled lizard (D:1)
7 creatures vanquished.

Notes
Turn   | Place    | Note
-------+----------+-------------------------------------------
     0 | D:1      | dickylongcocking the Djinni Arcane Marksman began the quest
                  | for the Orb.
     0 | D:1      | Reached XP level 1. HP: 17/17 MP: 0/0
   251 | D:1      | Reached XP level 2. HP: 21/22 MP: 0/0
   344 | D:1      | HP: 1/22 [bat (1)]
   345 | D:1      | Slain by a bat

Illustrated notes

Levels and vault maps discovered:
D:1:      heliophobic_arrival_henge, layout_basic, basic_ecumenical_altar,
          minmay_tall_x

Action                   || total
-------------------------++-------
Melee: Unarmed           ||    13
       Hand axe          ||     5
Throw: Javelin           ||     7
       Throwing net      ||     2
 Cast: Corona            ||     3
 Stab: Held in net/web   ||     1
Armor: Robe              ||    28
Dodge: Dodged            ||    62

Table legend: (Time is in decaauts)
 A = Elapsed time spent in this place.
 B = Non-inter-level travel time spent in this place.
 C = Inter-level travel time spent in this place.
 D = Time resting spent in this place.
 E = Time spent auto-exploring this place.
 F = Levels seen in this place.
 G = Mean time per level.
                   A        B        C        D        E       F      G
               +--------+--------+--------+--------+--------+-----+--------+
         Total |    349 |    349 |      0 |    106 |    116 |   1 |  349.0 |
       Dungeon |    349 |    349 |      0 |    106 |    116 |   1 |  349.0 |
               +--------+--------+--------+--------+--------+-----+--------+

Top non-repeatable levels by time:
     D:1: 349 daAuts
